 Dungeon Crawl Stone Soup version 0.26.1-2-gb8aa6d0cf2 (webtiles) character file.

Game seed: 3744374890495644501

36943 DearestLeader the Earth Mage (level 13, -5/80 HPs)
             Began as a Gargoyle Earth Elementalist on Feb 10, 2021.
             Was a High Priest of Vehumet.
             Slain by a freezing wraith (11 damage)
             ... in an ice cave on Feb 11, 2021.
             The game lasted 00:47:37 (21998 turns).

DearestLeader the Earth Mage (GrEE)                Turns: 21998, Time: 00:47:37

Health: -5/80      AC: 19    Str: 15    XL:     13   Next: 93%
Magic:  1/26       EV: 14    Int: 21    God:    Vehumet [*****.]
Gold:   1241       SH:  5    Dex: 10    Spells: 8/30 levels left

rFire    + + .     SeeInvis .   W - staff of earth
rCold    + . .     Faith    .   (no shield)
rNeg     + . .     Spirit   .   D - +2 robe {rC+ rF+}
rPois    ∞         Reflect  +   O - +0 helmet
rElec    +         Harm     .   G - +2 cloak {rCorr}
rCorr    +         Rampage  .   S - +0 pair of gloves
Will     +....                  A - +0 pair of boots
Stlth    ++........             g - amulet of reflection
HPRegen  0.23/turn              H - ring of willpower
MPRegen  0.20/turn              s - ring "Yteshousua" {rElec rF+ Str+3}

@: slowed, very slow
A: negative energy resistance 1, electricity resistance, unbreathing,
petrification resistance, miasma immunity, AC +9
a: Renounce Religion


You were in an ice cave.
You worshipped Vehumet.
Vehumet was extremely pleased with you.
You visited 3 branches of the dungeon, and saw 17 of its levels.
You also visited: Ice Cave.

You collected 1241 gold pieces.

Inventory:

Hand Weapons
 f - a +2 dagger of venom
 l - a +2 dagger of freezing
 v - the +7 whip "Sopuicadd" {pain, *Corrode +Blink rElec Str+4}
   (You took it off a kobold on level 4 of the Dungeon)

   In the hands of one skilled in necromantic magic, it inflicts extra damage on
   living creatures.
   It affects your strength (+4).
   It insulates you from electricity.
   It lets you blink.
   It may corrode you when you take damage.
Missiles
 b - 414 stones
Armour
 A - a +0 pair of boots (worn)
 C - a +1 robe of willpower
 D - a +2 robe of resistance (worn)
 F - a scarf of repulsion
 G - a +2 cloak of preservation (worn)
 O - a +0 helmet (worn)
 S - a +0 pair of gloves (worn)
Magical Staves
 W - an uncursed staff of earth (weapon)
Jewellery
 g - an amulet of reflection (around neck)
 n - a +6 ring of intelligence
 s - the ring "Yteshousua" (right hand) {rElec rF+ Str+3}
   (You found it on level 2 of the Lair of Beasts)

   [ring of protection from fire]

   It affects your strength (+3).
   It protects you from fire.
   It insulates you from electricity.
 H - a ring of willpower (left hand)
 V - an uncursed ring of positive energy
Wands
 p - a wand of iceblast (32)
 r - a wand of digging (5)
 t - a wand of paralysis (34)
 u - a wand of enslavement (6)
 x - a wand of random effects (16)
 B - a wand of polymorph (9)
 I - a wand of flame (59)
 N - a wand of acid (16)
Scrolls
 a - 10 scrolls of remove curse
 e - 2 scrolls of fog
 k - 6 scrolls of teleportation
 m - 3 scrolls of amnesia
 o - a scroll of enchant weapon {unknown}
 w - 5 scrolls of fear
 z - 2 scrolls of magic mapping
 E - 2 scrolls of blinking
 J - a scroll of silence {unknown}
 M - a scroll of enchant armour
 Q - 4 scrolls of holy word
 U - a scroll of random uselessness {unknown}
Potions
 c - 3 potions of attraction {unknown}
 d - a potion of brilliance {unknown}
 h - 2 potions of cancellation
 i - 13 potions of curing
 j - 2 potions of might
 q - 5 potions of magic
 K - 3 potions of invisibility {unknown}
 L - 3 potions of haste
 P - 2 potions of heal wounds
 R - 2 potions of degeneration {unknown}
 T - 2 potions of mutation {unknown}
 X - 2 potions of lignification {unknown}
 Z - a potion of flight {unknown}


   Skills:
 + Level 9.4 Fighting
 * Level 4.0 Staves
 + Level 5.6 Dodging
 - Level 2.1 Stealth
 + Level 9.4 Spellcasting
 * Level 12.3 Conjurations
 - Level 2.0 Transmutations
 + Level 16.0 Earth Magic


You had 8 spell levels left.
You knew the following spells:

 Your Spells              Type           Power        Failure   Level
a - Sandblast             Erth           100%         0%          1
b - Passwall              Tmut/Erth      53%          1%          2
c - Stone Arrow           Conj/Erth      100%         1%          3
d - Lee's Rapid Deconstr  Erth           43%          1%          5
e - Petrify               Tmut/Erth      64%          1%          4
f - Mephitic Cloud        Conj/Pois/Air  27%          1%          3
g - Leda's Liquefaction   Hex/Erth       30%          2%          4

Your spell library contained the following spells:

 Spells                   Type           Power        Failure   Level
 Olgreb's Toxic Radiance  Pois           9%           17%         4
 Inner Flame              Hex/Fire       9%           5%          3
 Animate Skeleton         Necr           18%          7%          1
 Apportation              Tloc           18%          7%          1
 Corona                   Hex            10%          7%          1
 Pain                     Necr           36%          7%          1
 Summon Small Mammal      Summ           36%          7%          1
 Slow                     Hex            9%           11%         2
 Portal Projectile        Hex/Tloc       18%          21%         3
 Vampiric Draining        Necr           4%           21%         3
 Animate Dead             Necr           4%           56%         4
 Cause Fear               Hex            4%           56%         4
 Agony                    Necr           9%           88%         5


Dungeon Overview and Level Annotations

Branches:
Dungeon (11/15)            Temple (1/1) D:4            Lair (5/6) D:11
 Shoals (0/4) Lair:2        Snake (0/4) Lair:3        Slime (0/5) Lair:5
    Orc (0/2) D:10          IceCv (1/1)

Altars:
Ashenzari
Cheibriados
Dithmenos
Elyvilon
Fedhas
Gozag
Hepliaklqana
Kikubaaqudgha
Makhleb
Nemelex Xobeh
Qazlal
Uskayaw
Vehumet
Xom
Yredelemnul
Zin
Beogh

Shops:
D:6 *   D:11 :

Annotations:
D:8 1 runed translucent door, MaxHavoc's ghost, novice MiBe


Innate Abilities, Weirdness & Mutations

You are resistant to torment.
Your stone body is resilient. (AC +9)
You are immune to poison.
You resist negative energy. (rN+)
You are resistant to electric shocks. (rElec)
You can survive without breathing.
You are immune to petrification.
You are immune to miasma.


Message History

An ice covered rock wall.
You feel a surge of power!
The wall shatters!
The blast of rock fragments hits the freezing wraith!!
You destroy the freezing wraith!
Vehumet accepts your kill.
The blast of rock fragments hits the freezing wraith!
The freezing wraith is almost destroyed.
The freezing wraith hits you.
* * * LOW HITPOINT WARNING * * *
The freezing wraith freezes you. You resist.
* * * LOW HITPOINT WARNING * * *
The freezing wraith hits you!
* * * LOW HITPOINT WARNING * * *
The freezing wraith hits you but does no damage.
The freezing wraith closely misses you.
Your Staves skill increases to level 4!
You feel better. The freezing wraith hits you!
* * * LOW HITPOINT WARNING * * *
The freezing wraith freezes you! You resist.
You die...

#..## ##..## ##..#
####..##
##.#....#.##
##..........#
##............#
####.............#
##....W@.........##
##
##....###........##
..# #...###
###...#### ...#
#..## ##### #...#
#...# #...###..##
#...###.W##
#.W.###..##
#.......#


You could see a freezing wraith.

Vanquished Creatures
  2 hydras
  A boulder beetle (D:11)
  4 two-headed ogres
  Sonja (Lair:4)
  Nergalle (Lair:3)
  An ugly thing (D:11)
  An oklob plant (Lair:2)
  9 elephants
  Maurice (D:8)
  2 merfolk sirens (Lair:2)
  2 black mambas (Lair:3)
  A gargoyle (D:11)
  8 cane toads
  A rime drake (Lair:5)
  A kobold demonologist (D:11)
  Maggie (D:7)
  3 freezing wraiths (IceCv)
  8 komodo dragons
  A troll (D:11)
  2 merfolk (Lair:2)
  2 polar bears
  4 blink frogs (Lair:3)
  Prince Ribbit (D:9)
  5 dream sheep
  10 wyverns
  Sigmund (D:3)
  38 yaks
  2 basilisks
  3 death yak simulacra (IceCv)
  2 steam dragons
  2 nagas (Lair:3)
  15 water moccasins
  An acid dragon (D:11)
  8 ice beasts
  7 orc warriors
  The ghost of raetorn the Cudgeller, an amateur PaFi (D:3)
  8 ogres
  3 black bears
  4 wolves (Lair:1)
  2 centaurs
  A big kobold (D:11)
  9 bullfrogs
  A wyvern zombie (D:10)
  4 scorpions
  14 killer bees
  6 wights (D:11)
  6 howler monkeys
  2 electric eels
  3 vampire bats (Lair:1)
  A gnoll shaman (D:9)
  A centaur zombie (D:11)
  3 hounds
  Crazy Yiuf (D:3)
  4 orc priests
  2 centaur skeletons
  2 jellies
  3 iguanas
  6 bullfrog skeletons
  Ijyb (D:3)
  2 hell rats (Lair:4)
  8 orc wizards
  14 worker ants
  Terence (D:3)
  A polar bear simulacrum (IceCv)
  A hound zombie (D:10)
  3 gnolls (D:9)
  11 adders
  A shadow imp (D:7)
  6 white imps
  2 ufetubi
  3 oozes
  2 adder skeletons
  2 worms
  The ghost of Valentain the Covert, a weakling GnDe of Ashenzari (D:3)
  A dart slug (D:2)
  The ghost of Descartes the Sneak, a weakling FeDe (D:4)
  A leopard gecko (D:8)
  43 orcs
  3 ball pythons
  11 bats
  2 giant cockroaches
  18 goblins
  9 hobgoblins
  5 jackals
  25 kobolds
  5 quokkas
  6 frilled lizards
  7 rats
435 creatures vanquished.

Vanquished Creatures (others)
  17 fungi
  48 plants
65 creatures vanquished.

Grand Total: 500 creatures vanquished

Notes
Turn   | Place    | Note
-------+----------+-------------------------------------------
     0 | D:1      | DearestLeader the Gargoyle Earth Elementalist began the
                  | quest for the Orb.
     0 | D:1      | Reached XP level 1. HP: 10/10 MP: 3/3
    45 | D:1      | Reached skill level 4 in Earth Magic
   354 | D:1      | Reached XP level 2. HP: 11/15 MP: 5/5
  1246 | D:2      | Reached skill level 5 in Earth Magic
  1246 | D:2      | Reached XP level 3. HP: 15/19 MP: 6/6
  1341 | D:2      | Learned a level 2 spell: Passwall
  1345 | D:2      | Learned a level 3 spell: Stone Arrow
  1542 | D:2      | Reached XP level 4. HP: 24/24 MP: 7/7
  1809 | D:2      | Reached skill level 6 in Earth Magic
  2311 | D:3      | Noticed Terence
  2318 | D:3      | Killed Terence
  2444 | D:3      | Reached XP level 5. HP: 28/28 MP: 8/8
  2698 | D:3      | Noticed Ijyb
  2712 | D:3      | Killed Ijyb
  2713 | D:3      | Reached skill level 7 in Earth Magic
  2761 | D:3      | Noticed Sigmund
  2767 | D:3      | Reached skill level 1 in Fighting
  3018 | D:3      | Killed Sigmund
  3019 | D:3      | Reached skill level 8 in Earth Magic
  3019 | D:3      | Reached XP level 6. HP: 27/36 MP: 3/9
  3465 | D:3      | Found a runed translucent door.
  3466 | D:3      | Noticed Crazy Yiuf
  3473 | D:3      | Killed Crazy Yiuf
  3565 | D:3      | Found a runed translucent gate.
  3565 | D:3      | Found a runed translucent gate.
  3565 | D:3      | Found a runed translucent gate.
  3568 | D:3      | Noticed raetorn's ghost (amateur PaFi)
  3568 | D:3      | Noticed Valentain's ghost (weakling GnDe)
  3582 | D:3      | Killed Valentain's ghost
  3586 | D:3      | Killed raetorn's ghost
  3587 | D:3      | Reached skill level 9 in Earth Magic
  3587 | D:3      | Reached XP level 7. HP: 24/40 MP: 3/10
  4591 | D:4      | Found a staircase to the Ecumenical Temple.
  4607 | Temple   | Entered the Ecumenical Temple
  4688 | Temple   | Became a worshipper of Vehumet
  4856 | D:4      | Found a runed translucent gate.
  4856 | D:4      | Found a runed translucent gate.
  4856 | D:4      | Found a runed translucent gate.
  4857 | D:4      | Identified the +7 whip "Sopuicadd" {pain, *Corrode +Blink
                  | rElec Str+4}
  4857 | D:4      | Noticed Descartes's ghost (weakling FeDe)
  4871 | D:4      | Killed Descartes's ghost
  5504 | D:5      | Entered Level 5 of the Dungeon
  5610 | D:5      | Reached skill level 10 in Earth Magic
  5613 | D:5      | Reached XP level 8. HP: 38/45 MP: 9/12
  5619 | D:5      | Learned a level 5 spell: Lee's Rapid Deconstruction
  6057 | D:5      | Noticed a two-headed ogre
  6072 | D:5      | Killed a two-headed ogre
  6073 | D:5      | Reached skill level 11 in Earth Magic
  6073 | D:5      | Reached XP level 9. HP: 12/52 MP: 3/15
  6522 | D:5      | Reached * piety under Vehumet
  6522 | D:5      | Offered knowledge of Shock by Vehumet.
  7756 | D:6      | Found Tyvecef's General Store.
  8403 | D:7      | Noticed Maggie
  8410 | D:7      | Killed Maggie
  8411 | D:7      | Reached skill level 1 in Conjurations
  8411 | D:7      | Reached skill level 12 in Earth Magic
  8917 | D:7      | Reached skill level 5 in Spellcasting
  8976 | D:8      | Noticed a two-headed ogre
  8979 | D:8      | Killed a two-headed ogre
  8980 | D:8      | Reached skill level 5 in Fighting
  8980 | D:8      | Reached XP level 10. HP: 59/59 MP: 7/18
  8985 | D:8      | Learned a level 4 spell: Petrify
  9231 | D:8      | Reached ** piety under Vehumet
  9231 | D:8      | Offered knowledge of Searing Ray by Vehumet.
  9245 | D:8      | Reached skill level 13 in Earth Magic
  9426 | D:8      | Noticed MaxHavoc's ghost (novice MiBe)
  9428 | D:8      | Found a runed translucent door.
  9520 | D:8      | Noticed Maurice
  9535 | D:8      | Killed Maurice
  9729 | D:8      | Found an opulent altar of Gozag.
 10401 | D:9      | Reached skill level 5 in Conjurations
 10417 | D:9      | Reached skill level 14 in Earth Magic
 10634 | D:9      | Noticed Prince Ribbit
 10646 | D:9      | Killed Prince Ribbit
 10823 | D:9      | Offered knowledge of Static Discharge by Vehumet.
 11032 | D:9      | Reached *** piety under Vehumet
 11061 | D:9      | Found a roughly hewn altar of Beogh.
 11325 | D:10     | Entered Level 10 of the Dungeon
 11370 | D:10     | Reached XP level 11. HP: 58/64 MP: 21/21
 11855 | D:10     | Found a staircase to the Orcish Mines.
 12136 | D:10     | Offered knowledge of Fulminant Prism by Vehumet.
 12547 | D:11     | Found Zelialif's Book Shop.
 12550 | D:11     | Noticed a two-headed ogre
 12555 | D:11     | Killed a two-headed ogre
 12585 | D:11     | Noticed a red ugly thing
 12651 | D:11     | Killed a red ugly thing
 13087 | D:11     | Noticed a two-headed ogre
 13093 | D:11     | Killed a two-headed ogre
 13171 | D:11     | Reached **** piety under Vehumet
 13476 | D:11     | Offered knowledge of Mephitic Cloud by Vehumet.
 13493 | D:11     | Learned a level 3 spell: Mephitic Cloud
 13498 | D:11     | Learned a level 4 spell: Leda's Liquefaction
 14290 | D:11     | Noticed a boulder beetle
 14359 | D:11     | HP: 1/67 [komodo dragon (18)]
 14361 | D:11     | Reached XP level 12. HP: 1/72 MP: 9/23
 14751 | D:11     | Killed a boulder beetle
 14755 | D:11     | Reached skill level 15 in Earth Magic
 14875 | D:11     | Found a staircase to the Lair.
 15163 | Lair:1   | Entered Level 1 of the Lair of Beasts
 15195 | Lair:1   | Reached skill level 1 in Transmutations
 15510 | Lair:1   | Noticed a six-headed hydra
 15517 | Lair:1   | Killed a six-headed hydra
 15518 | Lair:1   | Reached skill level 10 in Conjurations
 16802 | Lair:2   | Reached ***** piety under Vehumet
 16855 | Lair:2   | Offered knowledge of Orb of Destruction by Vehumet.
 17301 | Lair:2   | Found a staircase to the Shoals.
 17443 | Lair:2   | Got a heavily runed steel ring
 17445 | Lair:2   | Identified the ring "Yteshousua" {rElec rF+ Str+3} (You
                  | found it on level 2 of the Lair of Beasts)
 17855 | Lair:3   | Found a staircase to the Snake Pit.
 17867 | Lair:3   | Reached XP level 13. HP: 58/79 MP: 8/25
 18098 | Lair:3   | Noticed Nergalle
 18109 | Lair:3   | Killed Nergalle
 18460 | Lair:3   | Reached skill level 5 in Dodging
 19230 | Lair:3   | Reached skill level 1 in Staves
 19857 | Lair:4   | Noticed Sonja
 20373 | Lair:4   | Killed Sonja
 20547 | Lair:4   | Offered knowledge of Olgreb's Toxic Radiance by Vehumet.
 21551 | Lair:5   | Found a frozen archway.
 21665 | IceCv    | Entered an ice cave
 21670 | IceCv    | Reached skill level 16 in Earth Magic
 21998 | IceCv    | Slain by a freezing wraith

Illustrated notes

Levels and vault maps discovered:
D:1:      scummos_arrival_hexagon, layout_basic
D:2:      layout_loops_ring, minmay_tromino_v4_c
D:3:      layout_loops_ring, gammafunk_ghost_cemetery,
          chequers_serial_rivers_large_a, minmay_goblin_outpost, uniq_ijyb,
          uniq_terence, uniq_crazy_yiuf_cottage, uniq_sigmund
D:4:      layout_layer_cave, minmay_temple_entry_statues_fountains,
          gammafunk_ghost_nasty_kobolds
D:5:      layout_loops_ring
D:6:      layout_basic, serial_shops, nicolae_shop_statue_plus
D:7:      layout_basic, uniq_maggie
D:8:      layout_cave_pools, grunt_gozag_statues,
          hellmonk_ghost_happy_afterlife, uniq_maurice
D:9:      layout_gridville, special_room [special_room_orc], uniq_prince_ribbit1
D:10:     layout_basic, orc_0_dummy
D:11:     layout_basic, erik_lair_dragon, serial_shops, nicolae_shop_waterfront
Temple:   minmay_crystal_snake_temple
Lair:1:   layout_layer_cave, roderic_batcave, grunt_megastairs_2
Lair:2:   layout_roguey, elwin_shoals_entry_stream, small_statue_intersection,
          minmay_lair_oklob_items, infiniplex_staircase_pool
Lair:3:   layout_roguey, guppyfry_snake_entry_island, st_stairs_6,
          serial_bayou_shore_b, uniq_nergalle
Lair:4:   layout_small_grid, hangedman_lair_unloving_vines,
          serial_bayou_lagoon_a, serial_bayou_shore_a, serial_bayou_shore_b,
          grunt_megastairs_5, lemuel_fruit_tree, uniq_sonja
Lair:5:   layout_misc_corridors, dpeg_slime_entry_enclosed_altar,
          portal_ice_cave_rime, pond, uniq_kirke
IceCv:    ice_cave_small_necro

Skill      XL: |  1  2  3  4  5  6  7  8  9 10 11 12 13 |
---------------+----------------------------------------+-----
Earth Magic    | 4 5 6 8 9 10 11 12 14 15 16 | 16.0
Fighting       | 2 3 5 7 8 9 |  9.4
Spellcasting   | 3 4 5 6 7 8 9 |  9.4
Dodging        | 2 3 4 5 |  5.6
Conjurations   | 3 6 9 11 12 | 12.3
Transmutations | 2 |  2.0
Staves         | 4 |  4.0
Stealth        | |  2.1

Action                   |  1- 3 |  4- 6 |  7- 9 | 10-12 | 13-15 || total
-------------------------+-------+-------+-------+-------+-------++-------
Melee: Unarmed           |    38 |       |       |       |       ||    38
       Dagger            |    94 |   140 |   191 |   383 |       ||   808
       Staff             |       |       |       |   165 |   184 ||   349
 Cast: Sandblast         |     4 |    13 |    22 |    59 |    80 ||   178
       Stone Arrow       |       |       |     7 |    81 |    71 ||   159
       Lee's Rapid Decon |       |       |     3 |    50 |    23 ||    76
       Leda's Liquefacti |       |       |       |     5 |       ||     5
       Petrify           |       |       |       |     3 |       ||     3
  Use: Scroll            |       |     4 |     5 |     9 |     6 ||    24
       Potion            |       |       |       |       |     1 ||     1
 Stab: Sleeping          |     1 |     8 |     6 |     1 |       ||    16
       Distracted        |       |       |       |     1 |       ||     1
Armor: Robe              |    31 |    53 |    61 |   241 |   142 ||   528
Dodge: Dodged            |    73 |    66 |    91 |   355 |   204 ||   789
Block: Other             |       |       |    30 |   152 |    83 ||   265
       Reflection        |       |       |       |     2 |       ||     2
